 Dungeon Crawl Stone Soup version bcrawl-1.19.1 (webtiles) character file.

Game seed: 18410971230629735742

900 ReteAZ the Chopper (level 8, -18/51 HPs)
             Began as a Gargoyle Fighter on Dec 14, 2019.
             Demolished by an orc warrior
             ... wielding a +0 scimitar
              (20 damage)
             ... on level 5 of the Dungeon.
             The game lasted 00:05:58 (3980 turns).

ReteAZ the Chopper (Gargoyle Fighter)               Turns: 3980, Time: 00:05:58

Health: -18/51     AC: 14    Str: 22    XL:     8   Next: 7%
Magic:  8/8        EV:  9    Int:  9    God:
Gold:   282        SH:  6    Dex:  9    Spells: 7/7 levels left

rFire    + . .     SeeInvis .   a - +1 war axe
rCold    x . .     Gourm    .   l - +2 buckler
rNeg     + . .     Faith    .   b - +0 scale mail
rPois    ∞         Spirit   .   w - +1 hat
rElec    +         Reflect  .   y - scarf {cloud immunity}
rCorr    .         Harm     .   (no gloves)
MR       .....                  (no boots)
Stlth    ..........             (no amulet)
HPRegen  0.17/turn              i - ring of fire
MPRegen  0.11/turn              (no ring)

@: swift, berserk cooldown, flying, slowed, slow
A: negative energy resistance 1, electricity resistance, unbreathing,
petrification resistance, rot immunity, AC +5
a: no special abilities


You were on level 5 of the Dungeon.
You were not hungry.

You visited 1 branch of the dungeon, and saw 5 of its levels.

You collected 282 gold pieces.

Inventory:

Hand Weapons
 a - a +1 war axe (weapon)
Armour
 b - a +0 scale mail (worn)
 c - a +0 shield
 d - a +0 cloak
 l - a +2 buckler (worn)
 v - a +0 ring mail
 w - a +1 hat (worn)
 y - a scarf of cloud immunity (worn)
Jewellery
 i - a ring of fire (left hand)
 t - an uncursed ring of positive energy
Wands
 m - a wand of paralysis (9)
 q - a wand of random effects (9)
Scrolls
 e - a scroll of fear {unknown}
 g - 2 scrolls of remove curse {unknown}
 h - a scroll of amnesia {unknown}
 k - 4 scrolls of identify {unknown}
 n - a scroll of enchant weapon
 p - a scroll of magic mapping {unknown}
 u - a scroll of enchant armour {unknown}
 x - 4 scrolls of teleportation {unknown}
 B - a scroll of fog {unknown}
Potions
 o - a potion of lignification {unknown}
 r - a potion of curing
Comestibles
 f - 5 rations {!d}
 A - 5 chunks of flesh


   Skills:
 + Level 5.7 Fighting
 * Level 5.8 Axes
 + Level 5.7 Armour
 - Level 4.0 Shields


You had 7 spell levels left.
You didn't know any spells.
Your spell library contained the following spells:

 Spells                   Type           Power        Failure   Level  Hunger
 Apportation              Tloc           #.....       69%         1    ##.....
 Infusion                 Chrm           #.......     69%         1    ##.....
 Magic Dart               Conj           #...         69%         1    ##.....
 Sandblast                Erth           #.....       69%         1    ##.....
 Slow                     Hex            #.......     69%         1    ##.....
 Summon Butterflies       Summ           #.......     69%         1    ##.....
 Blink                    Tloc           N/A          83%         2    ###....
 Call Imp                 Summ           #.....       83%         2    ###....
 Searing Ray              Conj           #.....       83%         2    ###....
 Conjure Flame            Conj/Fire      #.......     96%         3    ####...
 Iskenderun's Mystic Bla  Conj           #.......     96%         3    ####...
 Mephitic Cloud           Conj/Pois/Air  #.......     96%         3    ####...
 Spider Form              Tmut/Pois      #..          96%         3    ####...
 Fulminant Prism          Conj/Hex       #.........   100%        4    #####..
 Irradiate                Conj/Tmut      #.........   100%        5    ######.


Dungeon Overview and Level Annotations

Branches:
Dungeon (5/12)
 Temple: D:4-7

Altars:
Ashenzari
Gozag
Qazlal
Xom
Yredelemnul

Annotations:
D:4 2 transporters, Quickbrownfox's ghost, amateur DrAE


Innate Abilities, Weirdness & Mutations

You are resistant to torment.
Your stone body is resilient. (AC +5)
You are immune to poison.
You resist negative energy. (rN+)
You are resistant to electric shocks. (rElec)
You can survive without breathing.
You are immune to petrification.
You are immune to rotting.


Message History

The orc warrior is heavily wounded.
You are no longer berserk.
You are exhausted.
You feel yourself slow down.
The orc warrior hits you with a +0 scimitar!
* * * LOW HITPOINT WARNING * * *
You barely miss the orc warrior.
The orc warrior is heavily wounded.
The orc warrior barely misses you.
The orc wizard casts a spell.
The orc wizard flickers and vanishes!
Deactivating autopickup; reactivate with Ctrl-A.
You feel better.
The orc warrior hits you with a +0 scimitar!
* * * LOW HITPOINT WARNING * * *
As you read the scroll labeled XOGICWEENNY, it crumbles to dust.
It is a scroll of enchant weapon.
Your +0 war axe glows red for a moment.
The orc warrior hits you with a +0 scimitar!!
You die...

#................#
#..........##.##...
#..........#..# ...
............## #.
..........###
#..<.....## ..........#
###[.
..........#######......
.........#.@oa{†....#
.........#[#####.##.#
...)......)# #
........#### #.....^##
##..### .... .##


You could see an orc warrior and a worker ant.

Vanquished Creatures
  A sky beast (D:5)
  2 ogres (D:4)
  A bullfrog (D:5)
  Blork the orc (D:4)
  A crimson imp (D:3)
  A hound (D:4)
  4 orc priests
  2 orc wizards (D:4)
  2 iguanas
  2 worker ants
  A howler monkey skeleton (D:3)
  2 adders (D:4)
  2 oozes (D:3)
  3 worms (D:3)
  3 dart slugs (D:1)
  6 leopard geckos
  14 orcs
  A ball python (D:2)
  6 bats
  3 giant cockroaches
  9 goblins
  7 hobgoblins
  13 jackals
  4 quokkas
  2 frilled lizards (D:2)
  8 kobolds
  6 rats
107 creatures vanquished.

Vanquished Creatures (others)
  3 plants (D:4)
3 creatures vanquished.

Grand Total: 110 creatures vanquished

Notes
Turn   | Place    | Note
-------+----------+-------------------------------------------
     0 | D:1      | ReteAZ the Gargoyle Fighter began the quest for the Orb.
     0 | D:1      | Reached XP level 1. HP: 14/14 MP: 1/1
   139 | D:1      | Reached XP level 2. HP: 19/19 MP: 2/2
   377 | D:1      | Reached XP level 3. HP: 23/23 MP: 3/3
  1047 | D:2      | Found a shimmering altar of Xom.
  1124 | D:2      | Found a basalt altar of Yredelemnul.
  1258 | D:2      | Reached XP level 4. HP: 29/29 MP: 4/4
  1928 | D:3      | Reached XP level 5. HP: 28/33 MP: 5/5
  2264 | D:3      | Found an opulent altar of Gozag.
  2267 | D:3      | Found a radiant altar of Vehumet.
  2267 | D:3      | Found a stormy altar of Qazlal.
  2269 | D:3      | Found an opulent altar of Gozag.
  2269 | D:3      | Found a shimmering altar of Xom.
  2269 | D:3      | Found a shattered altar of Ashenzari.
  2560 | D:4      | Reached XP level 6. HP: 19/39 MP: 6/6
  3089 | D:4      | Found a transporter.
  3121 | D:4      | Reached XP level 7. HP: 21/44 MP: 7/7
  3267 | D:4      | Noticed Blork the orc
  3277 | D:4      | Killed Blork the orc
  3277 | D:4      | Reached skill level 5 in Fighting
  3277 | D:4      | Reached skill level 5 in Armour
  3419 | D:4      | Reached skill level 5 in Axes
  3506 | D:4      | Found a transporter.
  3516 | D:4      | Noticed Quickbrownfox's ghost (amateur DrAE)
  3810 | D:5      | Entered Level 5 of the Dungeon
  3960 | D:5      | Reached XP level 8. HP: 28/51 MP: 8/8
  3979 | D:5      | HP: 1/51 [orc warrior/+0 scimitar (13)]
  3980 | D:5      | Demolished by an orc warrior

Skill      XL: |  1  2  3  4  5  6  7 |
---------------+----------------------+-----
Axes           | 2 3 4 5 |  5.8
Fighting       | 4 5 |  5.7
Shields        | 4 |  4.0
Armour         | 4 5 |  5.7

Action                   |  1- 3 |  4- 6 |  7- 9 || total
-------------------------+-------+-------+-------++-------
Melee: War axe           |   139 |   182 |   110 ||   431
  Use: Potion            |       |       |     7 ||     7
       Scroll            |       |       |     1 ||     1
  Eat: Chunk             |     1 |     7 |     3 ||    11
Armor: Scale mail        |    79 |    83 |    51 ||   213
Dodge: Dodged            |    47 |    66 |    40 ||   153
Block: Shield            |    41 |       |       ||    41
       Buckler           |    27 |    61 |    45 ||   133
